 Dungeon Crawl Stone Soup version 0.27.1-2-g3b301248ec (webtiles) character file.

Game seed: 4576992319308687930

25174 MisterFreud the Blocker (level 13, -9/104 HPs)
             Began as a Gnoll Fighter on Sept 27, 2021.
             Was a High Priest of Lugonu.
             Mangled by a bog body (20 damage)
             ... on level 3 of the Lair of Beasts.
             The game lasted 00:25:20 (18911 turns).

MisterFreud the Blocker (Gnoll Fighter)            Turns: 18911, Time: 00:25:21

Health: -9/104     AC: 21    Str: 16    XL:     13   Next: 17%
Magic:  25/25      EV: 13    Int: 12    God:    Lugonu [*****.]
Gold:   683        SH: 13    Dex: 15    Spells: 28/28 levels left

rFire    . . .     SeeInvis .   a - +1 rapier (flame)
rCold    . . .     Faith    .   c - +1 kite shield
rNeg     . . .     Spirit   .   V - +1 chain mail {Will+}
rPois    .         Reflect  .   q - +0 helmet
rElec    .         Harm     .   J - +2 cloak
rCorr    .         Rampage  .   (no gloves)
Will     +....                  (no boots)
Stlth    +.........             E - amulet of the acrobat
HPRegen  0.27/turn              H - ring of Insomnia {EV+4 Dex+3}
MPRegen  0.19/turn              k - +4 ring of protection

@: no status effects
A: fangs 1, strong nose, distributed training
a: Renounce Religion, Depart the Abyss, Bend Space, Banish, Corrupt, Enter the
Abyss


You were on level 3 of the Lair of Beasts.
You worshipped Lugonu.
Lugonu was extremely pleased with you.
You visited 2 branches of the dungeon, and saw 15 of its levels.

You collected 837 gold pieces.
You spent 154 gold pieces at shops.

Inventory:

Hand Weapons
 a - a +1 rapier of flaming (weapon)
 n - a +0 eveningstar of flaming
Missiles
 s - 38 poisoned darts (quivered)
 z - 8 silver javelins
 D - 15 boomerangs
 G - 3 silver boomerangs
 O - a curare-tipped dart
Armour
 c - a +1 kite shield (worn)
 q - a +0 helmet (worn)
 J - a +2 cloak (worn)
 M - the +0 leather armour of Hechob {rPois Will+ rCorr Dex+3}
   (You found it on level 11 of the Dungeon)

   Dex:       It affects your dexterity (+3).
   rPois:     It protects you from poison.
   rCorr:     It protects you from acid and corrosion.
   Will:      It increases your willpower.
 V - a +1 chain mail of willpower (worn)
Jewellery
 d - a ring of wizardry
 j - a ring of see invisible
 k - a +4 ring of protection (right hand)
 m - a ring of fire
 o - a ring of protection from cold
 E - an amulet of the acrobat (around neck)
 H - the ring of Insomnia (left hand) {EV+4 Dex+3}
   (You acquired it on level 7 of the Dungeon)

   [ring of evasion]

   EV:        It affects your evasion (+4).
   Dex:       It affects your dexterity (+3).
 N - a ring of fire
 Q - a ring of protection from cold
Wands
 b - a wand of paralysis (1)
 A - a wand of iceblast (20)
 C - a wand of polymorph (11)
 W - a wand of flame (23)
Scrolls
 e - 2 scrolls of fear
 p - 9 scrolls of teleportation
 y - 3 scrolls of enchant weapon
 F - 3 scrolls of enchant armour
 K - a scroll of magic mapping
 T - 2 scrolls of amnesia
 Y - a scroll of brand weapon
Potions
 f - 3 potions of brilliance
 g - 10 potions of curing
 h - 2 potions of degeneration
 i - 3 potions of flight
 l - a potion of haste {unknown}
 r - 3 potions of invisibility
 t - 4 potions of attraction
 u - a potion of heal wounds {unknown}
 v - 2 potions of lignification
 w - 2 potions of cancellation
 x - 3 potions of mutation
 I - 3 potions of magic
 L - 2 potions of ambrosia
 P - 3 potions of might
 S - a potion of resistance
Miscellaneous
 Z - a piece from Xom's chessboard (15/15)


   Skills:
 + Level 10.3 Fighting
 + Level 9.3 Short Blades
 + Level 8.0 Long Blades
 + Level 8.0 Axes
 + Level 8.0 Maces & Flails
 + Level 8.0 Polearms
 + Level 8.0 Staves
 + Level 8.0 Slings
 + Level 8.0 Bows
 + Level 8.0 Crossbows
 + Level 8.0 Throwing
 + Level 10.3 Armour
 + Level 8.0 Dodging
 + Level 8.0 Stealth
 + Level 10.3 Shields
 + Level 8.0 Unarmed Combat
 + Level 8.0 Spellcasting
 + Level 6.7 Conjurations
 + Level 6.7 Hexes
 + Level 6.7 Summonings
 + Level 6.7 Necromancy
 + Level 6.7 Translocations
 + Level 6.7 Transmutations
 + Level 6.7 Fire Magic
 + Level 6.7 Ice Magic
 + Level 6.7 Air Magic
 + Level 6.7 Earth Magic
 + Level 6.7 Poison Magic
 + Level 8.8 Invocations
 + Level 8.0 Evocations


You had 28 spell levels left.
You didn't know any spells.
Your spell library contained the following spells:

 Spells                   Type           Power      Damage    Failure   Level
 Animate Skeleton         Necr           40%        N/A       19%         1
 Apportation              Tloc           40%        N/A       19%         1
 Corona                   Hex            22%        N/A       19%         1
 Summon Small Mammal      Summ           80%        N/A       19%         1
 Ignite Poison            Fire/Tmut/Pois 20%        N/A       50%         3
 Mephitic Cloud           Conj/Pois/Air  20%        N/A       50%         3
 Hailstorm                Conj/Ice       20%        3d6       88%         4
 Ice Form                 Ice/Tmut       20%        N/A       88%         4
 Bolt of Magma            Conj/Fire/Erth 10%        4d7       99%         5
 Simulacrum               Ice/Necr       10%        N/A       100%        6


Dungeon Overview and Level Annotations

Branches:
Dungeon (12/15)            Temple (0/1) D:5            Lair (3/6) D:10
    Orc (0/2) D:11
  Swamp: Lair:2-4    Shoals: Lair:2-4     Snake: Lair:2-4    Spider: Lair:2-4

Altars:
Ashenzari
Dithmenos
Gozag
Hepliaklqana
Trog
Zin
Lugonu

Shops:
D:8 *

Annotations:
D:2 1 runed translucent door, Crazy Yiuf
D:8 1 runed translucent door, zimdinezidane's ghost, novice MiBe
Lair:2 2 transporters, exclusion: ice statue, Cleetus's ghost, journeyman FoFi


Innate Abilities, Weirdness & Mutations

You have very sharp teeth.
Your uncanny sense of smell can sniff out nearby items.
Your experience applies equally to all skills.


Message History

The bog body is severely damaged.
You block the bog body's attack.
You puncture the bog body! You burn the bog body.
The bog body is almost destroyed.
The bog body touches you but does no damage.
You hit the bog body.
The bog body is almost destroyed.
The bog body misses you.
You hit the bog body but do no damage.
The bog body is almost destroyed.
The bog body gestures at you while chanting.
You resist with almost no effort.
You hit the bog body. You burn the bog body.
You destroy the bog body!
Lugonu accepts your kill.
You puncture the bog body! You burn the bog body.
The bog body is moderately damaged.
You block the bog body's attack.
You hit the bog body but do no damage.
The bog body is moderately damaged.
You block the bog body's attack.
Your chain mail prevents you from hitting the bog body.
The bog body is moderately damaged.
You puncture the bog body! You burn the bog body.
The bog body is severely damaged.
You block the bog body's attack.
You hit the bog body.
The bog body is severely damaged.
The bog body gestures at you while chanting.
The bolt of cold hits you!
* * * LOW HITPOINT WARNING * * *
You puncture the bog body!
The bog body is almost destroyed.
You block the bog body's attack.
You hit the bog body.
The bog body is almost destroyed.
The bog body touches you.
* * * LOW HITPOINT WARNING * * *
The bog body freezes you!!
You die...

≈........ ♣♣♣♣
P≈≈.....♣♣♣≈≈≈≈≈
♣≈.....w........
#....⌠.(.(....
#.....♣♣♣≈≈≈≈≈
##......♣♣♣♣♣♣
#.#.........♣
##.#...n###♣# ..
#......#@# ...
♣........#### ##...
♣♣........#P####.....
♣♣...........PP.....
♣P♣..##.............
PP♣.# ####.........^
♣. ##........# ♣
##.....### ##.......#


You could see a bog body.

Vanquished Creatures
  Gastronok (D:9)
  Snorg (D:11)
  Erolcha (D:9)
  5 two-headed ogres
  A bog body (Lair:3)
  2 manticores
  An elephant (D:10)
  Joseph (D:9)
  A black mamba (Lair:3)
  A gargoyle (D:11)
  A rime drake (Lair:2)
  6 cane toads
  Maggie (Lair:2)
  3 komodo dragons (Lair:2)
  A kobold demonologist (D:10)
  A yaktaur (D:12)
  3 trolls
  A hornet (D:9)
  A blink frog (Lair:2)
  A meliai zombie (D:8)
  A shadow (D:12)
  A wraith (D:12)
  15 yaks
  2 wyverns
  A basilisk (D:10)
  A steam dragon (D:8)
  3 vampire mosquitoes (D:11)
  Edmund (D:4)
  A swamp worm (Lair:3)
  6 water moccasins
  3 orc warriors
  6 ogres
  2 black bears
  17 wolves (Lair:1)
  4 centaurs
  3 phantoms
  A kobold brigand (D:10)
  4 bullfrogs
  A scorpion (D:4)
  A water moccasin zombie (D:6)
  A water moccasin skeleton (D:5)
  4 killer bees (D:8)
  3 howler monkeys (D:8)
  A bullfrog zombie (D:5)
  7 centaur zombies
  A hound (D:6)
  2 orc priests
  A gnoll shaman (D:9)
  A bullfrog skeleton (D:5)
  5 iguanas
  6 orc wizards
  A hound skeleton (D:3)
  Robin (D:3)
  15 gnolls
  8 adders
  A shadow imp (D:6)
  An adder skeleton (D:5)
  3 worms (D:2)
  A dart slug (D:5)
  33 orcs
  5 endoplasms
  2 giant cockroaches
  18 goblins
  8 hobgoblins
  3 jackals
  7 kobolds
  2 quokkas
  6 ball pythons
  8 bats
  4 frilled lizards
  6 rats
273 creatures vanquished.

Vanquished Creatures (collateral kills)
  A cane toad (Lair:1)
1 creature vanquished.

Vanquished Creatures (others)
  6 fungi
  44 plants
50 creatures vanquished.

Grand Total: 324 creatures vanquished

Notes
Turn   | Place    | Note
-------+----------+-------------------------------------------
     0 | D:1      | MisterFreud the Gnoll Fighter began the quest for the Orb.
     0 | D:1      | Reached XP level 1. HP: 23/23 MP: 1/1
   147 | D:1      | Reached XP level 2. HP: 29/29 MP: 2/2
   460 | D:2      | Reached XP level 3. HP: 30/35 MP: 3/3
   560 | D:2      | Found a faded altar of an unknown god.
   567 | D:2      | Became a worshipper of Lugonu the Unformed
   567 | D:2      | Reached * piety under Lugonu
   567 | D:2      | Reached ** piety under Lugonu
   625 | D:2      | Reached skill level 1 in Invocations
   632 | D:2      | Reached skill level 1 in Long Blades
   632 | D:2      | Reached skill level 1 in Axes
   632 | D:2      | Reached skill level 1 in Maces & Flails
   632 | D:2      | Reached skill level 1 in Polearms
   632 | D:2      | Reached skill level 1 in Staves
   632 | D:2      | Reached skill level 1 in Slings
   632 | D:2      | Reached skill level 1 in Bows
   632 | D:2      | Reached skill level 1 in Crossbows
   632 | D:2      | Reached skill level 1 in Throwing
   632 | D:2      | Reached skill level 1 in Dodging
   632 | D:2      | Reached skill level 1 in Stealth
   632 | D:2      | Reached skill level 1 in Unarmed Combat
   632 | D:2      | Reached skill level 1 in Spellcasting
   632 | D:2      | Reached skill level 1 in Evocations
   635 | D:2      | Reached XP level 4. HP: 22/41 MP: 5/5
  1013 | D:2      | Found a runed translucent door.
  1015 | D:2      | Noticed Crazy Yiuf
  1279 | D:2      | Reached skill level 1 in Conjurations
  1279 | D:2      | Reached skill level 1 in Hexes
  1279 | D:2      | Reached skill level 1 in Summonings
  1279 | D:2      | Reached skill level 1 in Necromancy
  1279 | D:2      | Reached skill level 1 in Translocations
  1279 | D:2      | Reached skill level 1 in Transmutations
  1279 | D:2      | Reached skill level 1 in Fire Magic
  1279 | D:2      | Reached skill level 1 in Ice Magic
  1279 | D:2      | Reached skill level 1 in Air Magic
  1279 | D:2      | Reached skill level 1 in Earth Magic
  1279 | D:2      | Reached skill level 1 in Poison Magic
  1598 | D:3      | Noticed Robin
  1601 | D:3      | Reached *** piety under Lugonu
  1616 | D:3      | Killed Robin
  1617 | D:3      | Reached XP level 5. HP: 28/47 MP: 5/7
  2075 | D:3      | Found a glowing silver altar of Zin.
  2257 | D:4      | Noticed a phantom
  2299 | D:4      | Killed a phantom
  2300 | D:4      | Reached XP level 6. HP: 31/53 MP: 8/8
  2645 | D:4      | Reached skill level 5 in Short Blades
  2833 | D:4      | Found a faded altar of an unknown god.
  2833 | D:4      | Found a faded altar of an unknown god.
  2833 | D:4      | Found a faded altar of an unknown god.
  2833 | D:4      | Found a faded altar of an unknown god.
  2835 | D:4      | Found a hazy altar of Hepliaklqana.
  3261 | D:4      | Reached XP level 7. HP: 46/59 MP: 10/10
  3873 | D:4      | Noticed Edmund
  4065 | D:4      | Killed Edmund
  4232 | D:5      | Entered Level 5 of the Dungeon
  5107 | D:5      | Reached XP level 8. HP: 66/67 MP: 12/12
  5503 | D:5      | Found a staircase to the Ecumenical Temple.
  5635 | D:5      | Reached **** piety under Lugonu
  6141 | D:6      | Found a bloodstained altar of Trog.
  6643 | D:6      | Reached XP level 9. HP: 59/72 MP: 14/14
  6785 | D:7      | Noticed a two-headed ogre
  7214 | D:7      | Found a shadowy altar of Dithmenos.
  7828 | D:7      | Found a broken altar of Ashenzari.
  8213 | D:7      | Killed a two-headed ogre
  8214 | D:7      | Reached skill level 5 in Invocations
  8713 | D:7      | Identified a scroll of acquirement
  8713 | D:7      | Acquired the ring of Insomnia {EV+4 Dex+3}
  8858 | D:8      | Reached XP level 10. HP: 45/80 MP: 17/17
  9013 | D:8      | Found a runed translucent door.
  9019 | D:8      | Noticed zimdinezidane's ghost (novice MiBe)
  9020 | D:8      | Identified the +8 spear of the Head {protect, Will++ Str+2}
  9283 | D:8      | Found Utatri's Changing Room.
  9294 | D:8      | Bought a potion of lignification for 42 gold pieces
  9294 | D:8      | Bought a potion of mutation for 112 gold pieces
  9412 | D:8      | Reached skill level 5 in Long Blades
  9412 | D:8      | Reached skill level 5 in Axes
  9412 | D:8      | Reached skill level 5 in Maces & Flails
  9412 | D:8      | Reached skill level 5 in Polearms
  9412 | D:8      | Reached skill level 5 in Staves
  9412 | D:8      | Reached skill level 5 in Slings
  9412 | D:8      | Reached skill level 5 in Bows
  9412 | D:8      | Reached skill level 5 in Crossbows
  9412 | D:8      | Reached skill level 5 in Throwing
  9412 | D:8      | Reached skill level 5 in Dodging
  9412 | D:8      | Reached skill level 5 in Stealth
  9412 | D:8      | Reached skill level 5 in Unarmed Combat
  9412 | D:8      | Reached skill level 5 in Spellcasting
  9412 | D:8      | Reached skill level 5 in Evocations
  9594 | D:9      | Noticed a two-headed ogre
  9598 | D:9      | Noticed Gastronok
  9609 | D:8      | Killed a two-headed ogre
  9696 | D:9      | Killed Gastronok
  9793 | D:9      | Noticed Erolcha
  9806 | D:9      | Killed Erolcha
  9807 | D:9      | Reached XP level 11. HP: 82/87 MP: 19/19
  9920 | D:9      | Noticed a two-headed ogre
  9932 | D:9      | Killed a two-headed ogre
 10007 | D:9      | Reached skill level 5 in Conjurations
 10007 | D:9      | Reached skill level 5 in Hexes
 10007 | D:9      | Reached skill level 5 in Summonings
 10007 | D:9      | Reached skill level 5 in Necromancy
 10007 | D:9      | Reached skill level 5 in Translocations
 10007 | D:9      | Reached skill level 5 in Transmutations
 10007 | D:9      | Reached skill level 5 in Fire Magic
 10007 | D:9      | Reached skill level 5 in Ice Magic
 10007 | D:9      | Reached skill level 5 in Air Magic
 10007 | D:9      | Reached skill level 5 in Earth Magic
 10007 | D:9      | Reached skill level 5 in Poison Magic
 10215 | D:9      | Noticed a two-headed ogre
 10379 | D:9      | Noticed Joseph
 10393 | D:9      | Killed Joseph
 10518 | D:9      | Killed a two-headed ogre
 11030 | D:10     | Entered Level 10 of the Dungeon
 11073 | D:10     | Found a staircase to the Lair.
 11351 | D:10     | Reached ***** piety under Lugonu
 11806 | D:10     | Found an opulent altar of Gozag.
 12789 | D:11     | Noticed Snorg
 12810 | D:11     | Killed Snorg
 13434 | D:11     | Identified the +0 leather armour of Hechob {rPois Will+
                  | rCorr Dex+3}
 13582 | D:11     | Reached XP level 12. HP: 94/96 MP: 22/22
 14132 | D:11     | Found a staircase to the Orcish Mines.
 14932 | D:12     | Noticed Urug
 14934 | D:12     | Noticed Urug
 14934 | D:12     | Urug changed into Urug the yaktaur
 14952 | D:12     | Killed Urug the yaktaur
 15119 | D:12     | Noticed a two-headed ogre
 15135 | D:12     | Killed a two-headed ogre
 15700 | Lair:1   | Entered Level 1 of the Lair of Beasts
 16405 | Lair:1   | Reached skill level 10 in Fighting
 16405 | Lair:1   | Reached skill level 10 in Armour
 16405 | Lair:1   | Reached skill level 10 in Shields
 16663 | Lair:1   | You fall into a shaft and drop 1 floor!
 17359 | Lair:2   | Noticed Maggie
 17368 | Lair:2   | Killed Maggie
 17637 | Lair:2   | Found a transporter.
 17696 | Lair:2   | Noticed a six-headed hydra
 17698 | Lair:2   | Banished a six-headed hydra
 18075 | Lair:2   | Reached XP level 13. HP: 103/103 MP: 24/24
 18247 | Lair:2   | Found a transporter.
 18247 | Lair:2   | Noticed Cleetus's ghost (journeyman FoFi)
 18911 | Lair:3   | Mangled by a bog body

Illustrated notes

Levels and vault maps discovered:
D:1:      dpeg_arrival_stonehenge_12_columns, layout_rooms
D:2:      layout_basic, dreamdust_ecumenical_altar_hidden_monk_grotto,
          uniq_crazy_yiuf_cottage
D:3:      layout_rooms, mainiacjoe_overflow_chevrons, uniq_robin
D:4:      layout_layer_cave, nicolae_hepliaklqana_ecumenical_no_more,
          grunt_ministairs_6, uniq_edmund
D:5:      layout_basic, minmay_temple_entry_crystal_x
D:6:      layout_basic, trog_antimagical, bh_walls_and_bars
D:7:      layout_cave_pods, nicolae_overflow_crystal_walls,
          mainiacjoe_overflow_six_doors_small
D:8:      layout_rooms, ebering_ghost_funeral_grove, nicolae_transmutations_shop
D:9:      layout_grid_maze, serial_co_window_serial, co_window_corner_a,
          co_window_paths_a, co_window_of_opportunity_a, co_window_paths_b,
          co_window_paths_a, co_window_paths_b, co_window_cross_1,
          co_window_unsneaky_path_b, co_window_cross_3, co_window_paths_c,
          co_window_corner_b, co_window_paths_e, co_window_4corner_b,
          glass_columns_b, glass_columns_b, glass_columns_a, glass_columns_a,
          uniq_joseph, uniq_erolcha, uniq_gastronok
D:10:     layout_long_grid, grunt_gozag_statues, david_lair_generic
D:11:     layout_stronghold, hiddenorc1_lemuel, uniq_snorg
D:12:     layout_grid_maze, uniq_urug
Lair:1:   layout_cave_shapes, enter_volcano_3, infiniplex_staircase_pool_2
Lair:2:   layout_cave_pods, nzn_ghost_randoct, uniq_maggie
Lair:3:   layout_layer_cave, nicolae_swamp_entry_splash_gauntlet, serial_forest,
          infiniplex_forest_clump_long, infiniplex_forest_straight_5,
          infiniplex_forest_corner_2, infiniplex_forest_lined_3,
          infiniplex_forest_end_2, infiniplex_forest_clump_small,
          serial_bayou_ford_a, minmay_lair_oklob_chamber

Skill      XL: |  1  2  3  4  5  6  7  8  9 10 11 12 13 |
---------------+----------------------------------------+-----
Invocations    | 1 2 3 4 5 6 7 8 |  8.8
Long Blades    | 1 2 3 4 5 6 7 8 |  8.0
Axes           | 1 2 3 4 5 6 7 8 |  8.0
Maces & Flails | 1 2 3 4 5 6 7 8 |  8.0
Polearms       | 1 2 3 4 5 6 7 8 |  8.0
Staves         | 1 2 3 4 5 6 7 8 |  8.0
Slings         | 1 2 3 4 5 6 7 8 |  8.0
Bows           | 1 2 3 4 5 6 7 8 |  8.0
Crossbows      | 1 2 3 4 5 6 7 8 |  8.0
Throwing       | 1 2 3 4 5 6 7 8 |  8.0
Dodging        | 1 2 3 4 5 6 7 8 |  8.0
Stealth        | 1 2 3 4 5 6 7 8 |  8.0
Unarmed Combat | 1 2 3 4 5 6 7 8 |  8.0
Spellcasting   | 1 2 3 4 5 6 7 8 |  8.0
Evocations     | 1 2 3 4 5 6 7 8 |  8.0
Conjurations   | 1 2 3 4 5 6 |  6.7
Hexes          | 1 2 3 4 5 6 |  6.7
Summonings     | 1 2 3 4 5 6 |  6.7
Necromancy     | 1 2 3 4 5 6 |  6.7
Translocations | 1 2 3 4 5 6 |  6.7
Transmutations | 1 2 3 4 5 6 |  6.7
Fire Magic     | 1 2 3 4 5 6 |  6.7
Ice Magic      | 1 2 3 4 5 6 |  6.7
Air Magic      | 1 2 3 4 5 6 |  6.7
Earth Magic    | 1 2 3 4 5 6 |  6.7
Poison Magic   | 1 2 3 4 5 6 |  6.7
Short Blades   | 5 6 7 8 9 |  9.3
Fighting       | 7 8 9 10 | 10.3
Armour         | 7 8 9 10 | 10.3
Shields        | 7 8 9 10 | 10.3

Action                   |  1- 3 |  4- 6 |  7- 9 | 10-12 | 13-15 || total
-------------------------+-------+-------+-------+-------+-------++-------
Melee: Rapier            |    80 |   225 |   446 |   941 |    97 ||  1789
       Bite              |     9 |    27 |    59 |   126 |    12 ||   233
Throw: Dart              |       |     1 |     1 |    40 |       ||    42
Invok: Banish            |       |       |       |     1 |     1 ||     2
Evoke: Wand              |       |       |     4 |     3 |       ||     7
       Piece from Xom's  |       |       |       |     3 |       ||     3
  Use: Potion            |       |     1 |       |       |       ||     1
       Scroll            |       |       |    11 |     9 |     5 ||    25
 Stab: Paralysed         |       |       |     2 |       |       ||     2
       Petrified         |       |       |       |     2 |       ||     2
Armor: Scale mail        |    30 |   101 |   168 |   166 |       ||   465
       Chain mail        |       |       |       |   128 |    19 ||   147
Dodge: Dodged            |    19 |    64 |   159 |   434 |    30 ||   706
Block: Kite shield       |    28 |   122 |   249 |   576 |    52 ||  1027
